TOP OF THE 1ST |
Milwaukee (NYP) Brewers batting - Pitching for Williamsport Crosscutters : RHP Justin Ashton
|
Pitching: RHP Justin Ashton
|
|
Batting: RHB Hector Silva
|
0-0: Called Strike 0-1: Ball 1-1: Called Strike 1-2: Fly out, F8 (Flyball, 8LD, EV 104.4 MPH)
|
Batting: SHB Robert Sayer
|
0-0: Called Strike 0-1: Foul Ball, location: 2F 0-2: Ground out 2-3 (Groundball, 2L, EV 63.1 MPH)
|
Batting: RHB Skyler Goss
|
0-0: Ball 1-0: Called Strike 1-1: Foul Ball, location: 2F 1-2: Strikes out swinging
|
Top of the 1st over - 0 runs, 0 hits, 0 errors, 0 left on base; Milwaukee (NYP) 0 - Williamsport 0 |
BOTTOM OF THE 1ST |
Williamsport Crosscutters batting - Pitching for Milwaukee (NYP) Brewers : RHP Antonio Ballesteros
|
Pitching: RHP Antonio Ballesteros
|
|
Batting: RHB Tony Perez
|
0-0: Fly out, F9 (Flyball, 9D, EV 89.4 MPH)
|
Batting: RHB Joe Hewitt
|
0-0: Called Strike 0-1: Ball 1-1: Ball 2-1: Fly out, F7 (Flyball, 7D, EV 83.1 MPH)
|
Batting: RHB Alan Weller
|
0-0: Ball 1-0: Ground out 6-3 (Groundball, 6, EV 96.9 MPH)
|
Bottom of the 1st over - 0 runs, 0 hits, 0 errors, 0 left on base; Milwaukee (NYP) 0 - Williamsport 0 |
TOP OF THE 2ND |
Milwaukee (NYP) Brewers batting - Pitching for Williamsport Crosscutters : RHP Justin Ashton
|
Batting: SHB Mike Williams
|
0-0: Ball 1-0: Ball 2-0: Fly out, F8 (Flyball, 8LM, EV 86.9 MPH)
|
Batting: RHB Jonathan Sarles
|
0-0: Ball 1-0: Foul Ball, location: 2F 1-1: Foul Ball, location: 2F 1-2: Strikes out swinging
|
Batting: RHB Ben Taylor
|
0-0: Called Strike 0-1: Ball 1-1: Foul Ball, location: 2F 1-2: Strikes out looking
|
Top of the 2nd over - 0 runs, 0 hits, 0 errors, 0 left on base; Milwaukee (NYP) 0 - Williamsport 0 |
BOTTOM OF THE 2ND |
Williamsport Crosscutters batting - Pitching for Milwaukee (NYP) Brewers : RHP Antonio Ballesteros
|
Batting: RHB Allen Gravel
|
0-0: Ball 1-0: Swinging Strike 1-1: Ball 2-1: Ball 3-1: Foul Ball, location: 2F 3-2: Strikes out swinging
|
Batting: LHB Eric Farren
|
0-0: Ground out 6-3 (Groundball, 6M, EV 78.8 MPH)
|
Batting: RHB Trent Hedrick
|
0-0: Called Strike 0-1: Ball 1-1: Ground out 5-3 (Groundball, 56D, EV 105.0 MPH)
|
Bottom of the 2nd over - 0 runs, 0 hits, 0 errors, 0 left on base; Milwaukee (NYP) 0 - Williamsport 0 |
TOP OF THE 3RD |
Milwaukee (NYP) Brewers batting - Pitching for Williamsport Crosscutters : RHP Justin Ashton
|
Batting: RHB Dustin Hartman
|
0-0: Foul Ball, location: 2F 0-1: Swinging Strike 0-2: Foul Ball, location: 2F 0-2: Strikes out swinging
|
Batting: RHB Raymond Young
|
0-0: Swinging Strike 0-1: Swinging Strike 0-2: Ball 1-2: Ground out 4-3 (Groundball, 34D, EV 108.8 MPH)
|
Batting: RHB Bobby McCann
|
0-0: Called Strike 0-1: Ball 1-1: Swinging Strike 1-2: Ball 2-2: Ball 3-2: Ground out 6-3 (Groundball, 6, EV 85.0 MPH)
|
Top of the 3rd over - 0 runs, 0 hits, 0 errors, 0 left on base; Milwaukee (NYP) 0 - Williamsport 0 |
BOTTOM OF THE 3RD |
Williamsport Crosscutters batting - Pitching for Milwaukee (NYP) Brewers : RHP Antonio Ballesteros
|
Batting: RHB Jake Cox
|
0-0: Swinging Strike 0-1: Foul Ball, location: 2F 0-2: Strikes out swinging
|
Batting: RHB Jose Corral
|
0-0: Foul Ball, location: 2F 0-1: Ball 1-1: Ball 2-1: Swinging Strike 2-2: Ball 3-2: Strikes out swinging
|
Batting: RHB Jimmy Misener
|
0-0: Ball 1-0: Ball 2-0: Called Strike 2-1: Ball 3-1: Base on Balls
|
Batting: RHB Tony Perez
|
0-0: Ball 1-0: Called Strike 1-1: Called Strike 1-2: Fly out, F8 (Flyball, 78XD, EV 85.6 MPH)
|
Bottom of the 3rd over - 0 runs, 0 hits, 0 errors, 1 left on base; Milwaukee (NYP) 0 - Williamsport 0 |
TOP OF THE 4TH |
Milwaukee (NYP) Brewers batting - Pitching for Williamsport Crosscutters : RHP Justin Ashton
|
Batting: RHB Hector Silva
|
0-0: Called Strike 0-1: Called Strike 0-2: Strikes out looking
|
Batting: SHB Robert Sayer
|
0-0: Swinging Strike 0-1: Fly out, F8 (Line Drive, 8LD, EV 96.9 MPH)
|
Batting: RHB Skyler Goss
|
0-0: Ball 1-0: Ball 2-0: Called Strike 2-1: Ball 3-1: Base on Balls
|
Batting: SHB Mike Williams
|
0-0: Hit by Pitch Skyler Goss to second
|
Batting: RHB Jonathan Sarles
|
0-0: Reached on error, E6 (Groundball, 6, EV 88.8 MPH) Skyler Goss to third Mike Williams to second
|
Batting: RHB Ben Taylor
|
0-0: Called Strike 0-1: Foul Ball, location: 2F 0-2: Foul Ball, location: 2F 0-2: Strikes out swinging
|
Top of the 4th over - 0 runs, 0 hits, 1 error, 3 left on base; Milwaukee (NYP) 0 - Williamsport 0 |
BOTTOM OF THE 4TH |
Williamsport Crosscutters batting - Pitching for Milwaukee (NYP) Brewers : RHP Antonio Ballesteros
|
Batting: RHB Joe Hewitt
|
0-0: Ball 1-0: Ball 2-0: Ground out 4-3 (Groundball, 4, EV 98.8 MPH)
|
Batting: RHB Alan Weller
|
0-0: Ball 1-0: Ball 2-0: Called Strike 2-1: Ball 3-1: Fly out, F3 (Popup, 3SF, EV 77.5 MPH)
|
Batting: RHB Allen Gravel
|
0-0: Called Strike 0-1: Foul Ball, location: 2F 0-2: Strikes out swinging
|
Bottom of the 4th over - 0 runs, 0 hits, 0 errors, 0 left on base; Milwaukee (NYP) 0 - Williamsport 0 |
TOP OF THE 5TH |
Milwaukee (NYP) Brewers batting - Pitching for Williamsport Crosscutters : RHP Justin Ashton
|
Batting: RHB Dustin Hartman
|
0-0: Called Strike 0-1: Foul Ball, location: 2F 0-2: Foul Ball, location: 2F 0-2: Ball 1-2: Foul Ball, location: 2F 1-2: Foul Ball, location: 2F 1-2: Ground out 5-3 (Groundball, 56S, EV 60.0 MPH)
|
Batting: RHB Raymond Young
|
0-0: SINGLE (Groundball, 4MD, EV 106.2 MPH)
|
Batting: RHB Bobby McCann
|
0-0: Foul Ball, location: 2F 0-1: Ball 1-1: Ground out 5-3 (Groundball, 5S, EV 75.0 MPH) Raymond Young to second
|
Batting: RHB Hector Silva
|
0-0: Ball 1-0: Called Strike 1-1: Ball 2-1: Swinging Strike 2-2: Strikes out swinging
|
Top of the 5th over - 0 runs, 1 hit, 0 errors, 1 left on base; Milwaukee (NYP) 0 - Williamsport 0 |
BOTTOM OF THE 5TH |
Williamsport Crosscutters batting - Pitching for Milwaukee (NYP) Brewers : RHP Antonio Ballesteros
|
Batting: LHB Eric Farren
|
0-0: Swinging Strike 0-1: Ball 1-1: Ball 2-1: Foul Ball, location: 2F 2-2: SINGLE (Flyball, 78S, EV 95.0 MPH)
|
Batting: RHB Trent Hedrick
|
0-0: Ball 1-0: Foul Ball, location: 2F 1-1: Ball 2-1: SINGLE (Flyball, 6D, EV 87.5 MPH) Eric Farren to second
|
Batting: RHB Jake Cox
|
0-0: Fielders Choice at 2nd, 6-4 (Groundball, 56, EV 83.8 MPH) Eric Farren to third
|
Batting: RHB Jose Corral
|
0-0: Ball 1-0: Called Strike Jake Cox steals 2nd base 1-1: Foul Ball, location: 2F 1-2: Strikes out looking
|
Batting: RHB Jimmy Misener
|
0-0: Foul Ball, location: 2F 0-1: Ball 1-1: Fly out, F9 (Flyball, 9, EV 85.0 MPH)
|
Bottom of the 5th over - 0 runs, 2 hits, 0 errors, 2 left on base; Milwaukee (NYP) 0 - Williamsport 0 |
TOP OF THE 6TH |
Milwaukee (NYP) Brewers batting - Pitching for Williamsport Crosscutters : RHP Justin Ashton
|
Batting: SHB Robert Sayer
|
0-0: Ball 1-0: Foul Ball, location: 2F 1-1: Swinging Strike 1-2: Foul Ball, location: 2F 1-2: Ball 2-2: Foul Ball, location: 2F 2-2: Foul Ball, location: 2F 2-2: Strikes out swinging
|
Batting: RHB Skyler Goss
|
0-0: Ground out 5-3 (Groundball, 5L, EV 80.6 MPH)
|
Batting: SHB Mike Williams
|
0-0: Ball 1-0: Called Strike 1-1: Ball 2-1: Ball 3-1: Ground out 4-3 (Groundball, 4S, EV 93.8 MPH)
|
Top of the 6th over - 0 runs, 0 hits, 0 errors, 0 left on base; Milwaukee (NYP) 0 - Williamsport 0 |
BOTTOM OF THE 6TH |
Williamsport Crosscutters batting - Pitching for Milwaukee (NYP) Brewers : RHP Antonio Ballesteros
|
Batting: RHB Tony Perez
|
0-0: Called Strike 0-1: Ball 1-1: Ball 2-1: Ball 3-1: Called Strike 3-2: Foul Ball, location: 2F 3-2: Fly out, F1 (Line Drive, P, EV 68.1 MPH)
|
Batting: RHB Joe Hewitt
|
0-0: Ball 1-0: Ground out 6-3 (Groundball, 6, EV 101.2 MPH)
|
Batting: RHB Alan Weller
|
0-0: Fly out, F4 (Popup, 4S, EV 65.6 MPH)
|
Bottom of the 6th over - 0 runs, 0 hits, 0 errors, 0 left on base; Milwaukee (NYP) 0 - Williamsport 0 |
TOP OF THE 7TH |
Milwaukee (NYP) Brewers batting - Pitching for Williamsport Crosscutters : RHP Justin Ashton
|
Pitching: RHP Bobby Savoy
|
|
Batting: RHB Jonathan Sarles
|
0-0: Ground out 6-3 (Groundball, 6, EV 90.6 MPH)
|
Batting: RHB Ben Taylor
|
0-0: Called Strike 0-1: Swinging Strike 0-2: Strikes out swinging
|
Batting: RHB Dustin Hartman
|
0-0: Ball 1-0: Ball 2-0: Ground out U3 (Groundball, 34S, EV 78.1 MPH)
|
Top of the 7th over - 0 runs, 0 hits, 0 errors, 0 left on base; Milwaukee (NYP) 0 - Williamsport 0 |
BOTTOM OF THE 7TH |
Williamsport Crosscutters batting - Pitching for Milwaukee (NYP) Brewers : RHP Antonio Ballesteros
|
Batting: RHB Allen Gravel
|
0-0: Called Strike 0-1: Ball 1-1: Foul Ball, location: 2F 1-2: Ball 2-2: Strikes out looking
|
Pitching: LHP John Miller
|
|
Batting: LHB Eric Farren
|
0-0: Ball 1-0: Ball 2-0: Ball 3-0: Called Strike 3-1: Foul Ball, location: 2F 3-2: SINGLE (Line Drive, 89S, EV 102.5 MPH)
|
Batting: RHB Trent Hedrick
|
0-0: Ball Eric Farren steals 2nd base 1-0: Called Strike 1-1: Fly out, F5 (Flyball, 5D, EV 95.0 MPH)
|
Batting: RHB Jake Cox
|
0-0: Called Strike 0-1: Swinging Strike 0-2: Foul Ball, location: 2F 0-2: Foul Ball, location: 2F 0-2: Foul Ball, location: 2F 0-2: Ball 1-2: Strikes out swinging
|
Bottom of the 7th over - 0 runs, 1 hit, 0 errors, 1 left on base; Milwaukee (NYP) 0 - Williamsport 0 |
TOP OF THE 8TH |
Milwaukee (NYP) Brewers batting - Pitching for Williamsport Crosscutters : RHP Bobby Savoy
|
Batting: RHB Raymond Young
|
0-0: Called Strike 0-1: Ball 1-1: Ball 2-1: Ground out 5-3 (Groundball, 5, EV 84.4 MPH)
|
Batting: RHB Bobby McCann
|
0-0: Foul Ball, location: 2F 0-1: Ball 1-1: Ball 2-1: Swinging Strike 2-2: Ground out 5-3 (Groundball, 56S, EV 88.1 MPH)
|
Batting: RHB Hector Silva
|
0-0: Called Strike 0-1: Ball 1-1: Foul Ball, location: 2F 1-2: Ball 2-2: Foul Ball, location: 2F 2-2: Strikes out looking
|
Top of the 8th over - 0 runs, 0 hits, 0 errors, 0 left on base; Milwaukee (NYP) 0 - Williamsport 0 |
BOTTOM OF THE 8TH |
Williamsport Crosscutters batting - Pitching for Milwaukee (NYP) Brewers : LHP John Miller
|
Pitching: RHP Allen Gans
|
|
Batting: RHB Jose Corral
|
0-0: Ball 1-0: Ball 2-0: Fly out, F9 (Flyball, 9S, EV 88.8 MPH)
|
Pinch Hitting: SHB Danny Simmons
|
0-0: Called Strike 0-1: Ball 1-1: Swinging Strike 1-2: Ball 2-2: Strikes out swinging
|
Batting: RHB Tony Perez
|
0-0: Ground out 1-3 (Groundball, 25, EV 71.2 MPH)
|
Bottom of the 8th over - 0 runs, 0 hits, 0 errors, 0 left on base; Milwaukee (NYP) 0 - Williamsport 0 |
TOP OF THE 9TH |
Milwaukee (NYP) Brewers batting - Pitching for Williamsport Crosscutters : RHP Bobby Savoy
|
Pitching: RHP Tyler Bach
|
|
Now in RF: Brian Burd
|
|
Batting: SHB Robert Sayer
|
0-0: Called Strike 0-1: Ball 1-1: Ground out 6-3 (Groundball, 6, EV 81.2 MPH)
|
Batting: RHB Skyler Goss
|
0-0: Foul Ball, location: 2F 0-1: Ball 1-1: Called Strike 1-2: Ball 2-2: Ball 3-2: Ground out 6-3 (Groundball, 56, EV 103.1 MPH)
|
Batting: SHB Mike Williams
|
0-0: Fly out, F8 (Flyball, 8RD, EV 92.5 MPH)
|
Top of the 9th over - 0 runs, 0 hits, 0 errors, 0 left on base; Milwaukee (NYP) 0 - Williamsport 0 |
BOTTOM OF THE 9TH |
Williamsport Crosscutters batting - Pitching for Milwaukee (NYP) Brewers : RHP Allen Gans
|
Batting: RHB Joe Hewitt
|
0-0: Ball 1-0: Foul Ball, location: 2F 1-1: Ground out 6-3 (Groundball, 6S, EV 88.8 MPH)
|
Batting: RHB Alan Weller
|
0-0: Foul Ball, location: 2F 0-1: Ball 1-1: Swinging Strike 1-2: Foul Ball, location: 2F 1-2: Ball 2-2: Strikes out swinging
|
Batting: RHB Allen Gravel
|
0-0: Foul Ball, location: 2F 0-1: Foul Ball, location: 2F 0-2: Ball 1-2: Foul Ball, location: 2F 1-2: Ball 2-2: Strikes out swinging
|
Bottom of the 9th over - 0 runs, 0 hits, 0 errors, 0 left on base; Milwaukee (NYP) 0 - Williamsport 0 |
TOP OF THE 10TH |
Milwaukee (NYP) Brewers batting - Pitching for Williamsport Crosscutters : RHP Tyler Bach
|
Batting: RHB Jonathan Sarles
|
0-0: Foul Ball, location: 2F 0-1: Swinging Strike 0-2: SINGLE (Line Drive, 78M, EV 101.9 MPH)
|
Batting: RHB Ben Taylor
|
0-0: Called Strike 0-1: Bunt missed! 0-2: Ball 1-2: Strikes out looking
|
Pinch Hitting: SHB Adam Slade
|
0-0: Called Strike 0-1: Ball 1-1: Ball 2-1: Fielders Choice at 2nd, 4-6 (Groundball, 4, EV 81.9 MPH)
|
Batting: RHB Raymond Young
|
0-0: Ball 1-0: Fielders Choice at 2nd, 5-4 (Groundball, 56, EV 77.5 MPH)
|
Top of the 10th over - 0 runs, 1 hit, 0 errors, 1 left on base; Milwaukee (NYP) 0 - Williamsport 0 |
BOTTOM OF THE 10TH |
Williamsport Crosscutters batting - Pitching for Milwaukee (NYP) Brewers : RHP Allen Gans
|
Now at 1B: Adam Slade
|
|
Batting: LHB Eric Farren
|
0-0: Ball 1-0: Fly out, F7 (Flyball, 7D, EV 105.6 MPH)
|
Batting: RHB Trent Hedrick
|
0-0: Ground out 3-1 (Groundball, 34S, EV 85.6 MPH)
|
Batting: RHB Jake Cox
|
0-0: Called Strike 0-1: Ball 1-1: Ground out 6-3 (Groundball, 6, EV 96.9 MPH)
|
Bottom of the 10th over - 0 runs, 0 hits, 0 errors, 0 left on base; Milwaukee (NYP) 0 - Williamsport 0 |
TOP OF THE 11TH |
Milwaukee (NYP) Brewers batting - Pitching for Williamsport Crosscutters : RHP Tyler Bach
|
Batting: RHB Bobby McCann
|
0-0: Called Strike 0-1: Ball 1-1: Ground out 4-3 (Groundball, 4M, EV 86.9 MPH)
|
Batting: RHB Hector Silva
|
0-0: Ball 1-0: Ball 2-0: Swinging Strike 2-1: Swinging Strike 2-2: Strikes out looking
|
Batting: SHB Robert Sayer
|
0-0: Ball 1-0: Ball 2-0: Called Strike 2-1: TRIPLE (Flyball, 78XD, EV 96.2 MPH)
|
Batting: RHB Skyler Goss
|
0-0: Ball 1-0: Ground out 6-3 (Groundball, 6, EV 90.0 MPH)
|
Top of the 11th over - 0 runs, 1 hit, 0 errors, 1 left on base; Milwaukee (NYP) 0 - Williamsport 0 |
BOTTOM OF THE 11TH |
Williamsport Crosscutters batting - Pitching for Milwaukee (NYP) Brewers : RHP Allen Gans
|
Batting: RHB Jose Corral
|
0-0: Called Strike 0-1: Ball 1-1: Swinging Strike 1-2: Foul Ball, location: 2F 1-2: Ball 2-2: Ball 3-2: Foul Ball, location: 2F 3-2: Base on Balls
|
Batting: RHB Brian Burd
|
0-0: Bunt missed! 0-1: Ball 1-1: Bunt missed! 1-2: Ground out 5-3 (Groundball, 6S, EV 85.6 MPH) Jose Corral to second
|
Pitching: RHP Odmar van de Vijver
|
|
Batting: RHB Tony Perez
|
0-0: Ball 1-0: Ball 2-0: Ball 3-0: Base on Balls
|
Batting: RHB Joe Hewitt
|
0-0: Ball 1-0: Foul Ball, location: 2F 1-1: Foul Ball, location: 2F 1-2: SINGLE (Groundball, 34, EV 93.8 MPH) Jose Corral to third Tony Perez to second Runner from 3rd tries for Home, SAFE, throw by RF to home
|
Bottom of the 11th over - 1 run, 1 hit, 0 errors, 0 left on base; Milwaukee (NYP) 0 - Williamsport 1 |
|
Game Over ... Williamsport defeats Milwaukee (NYP), 1 to 0
|
|
|